 Dungeon Crawl Stone Soup version 0.28.0-53-g5a82cb258f (webtiles) character file.

Game seed: 135739436808824544

140 Sin92 the Skirmisher (level 5, -4/41 HPs)
             Began as a Demonspawn Fighter on July 9, 2022.
             Slain by Crazy Yiuf
             ... wielding a +4 quarterstaff of chaos
              (19 damage)
             ... on level 3 of the Dungeon.
             The game lasted 00:02:26 (2479 turns).

Sin92 the Skirmisher (Demonspawn Fighter)           Turns: 2479, Time: 00:02:27

Health: -4/41      AC:  8    Str: 19    XL:     5   Next: 2%
Magic:  4/6        EV:  9    Int:  9    God:
Gold:   92         SH:  0    Dex: 12    Spells: 6/6 levels left

rFire   . . .      SeeInvis .   a - +0 war axe
rCold   . . .      Faith    .   c - +0 buckler
rNeg    . . .      Spirit   .   b - +2 scale mail
rPois   .          Reflect  .   (no helmet)
rElec   .          Harm     .   (no cloak)
rCorr   .          Rampage  .   (no gloves)
Will    .....                   (no boots)
Stlth   ..........              h - amulet of regeneration
HPRegen 0.93/turn               (no ring)
MPRegen 0.10/turn               (no ring)

@: confused
A: condensation shield, demonic magic 1
a: no special abilities


You were on level 3 of the Dungeon.
You visited 1 branch of the dungeon, and saw 3 of its levels.

You collected 92 gold pieces.

Inventory:

Hand Weapons
 a - a +0 war axe (weapon)
Missiles
 f - a throwing net (quivered)
Armour
 b - a +2 scale mail (worn)
 c - a +0 buckler (worn)
Jewellery
 e - a ring of magical power
 h - an amulet of regeneration (around neck)
Scrolls
 d - 2 scrolls of fog
Potions
 i - a potion of attraction


   Skills:
 + Level 3.5 Fighting
 * Level 3.1 Axes
 + Level 3.1 Armour
 + Level 1.2 Dodging
 + Level 3.0 Shields
 + Level 1.3 Spellcasting


You had 6 spell levels left.
You didn't know any spells.
Your spell library contained the following spells:

 Spells                   Type           Power      Damage    Failure   Level
 Foxfire                  Conj/Fire      0%         2x1d4     82%         1
 Conjure Flame            Conj/Fire      0%         6-21      99%         3
 Inner Flame              Hex/Fire       0%         N/A       99%         3
 Flame Wave               Conj/Fire      0%         2d4       100%        4


Dungeon Overview and Level Annotations

Branches:
Dungeon (3/15)

Altars:

Annotations:
D:3 Crazy Yiuf


Innate Abilities, Weirdness & Mutations

A meltable shield of frost defends you. (SH +4)
Spells you cast may paralyse adjacent enemies.


Message History

Partly explored, can't reach some places.
You hit the fungus.
The fungus begins to die.
The fungus is lightly damaged.
You slash the fungus!
The fungus begins to die.
You slash the fungus!
The fungus is lightly damaged.
You hit the fungus. You hit the fungus.
The fungus is lightly damaged.
You hit the fungus.
A nearby fungus withers and dies.
You hit the fungus.
The fungus is lightly damaged.
A nearby fungus withers and dies.
You slash the fungus!
The fungus begins to die.
The fungus is lightly damaged.
You hit the bush. You slash the fungus!
The fungus is lightly damaged.
You hit the bush. You hit the fungus.
The fungus is lightly damaged.
You hit the bush. You slash the fungus!
The fungus is moderately damaged.
You hit the bush but do no damage.
A nearby fungus withers and dies.
Found a mace.
Found a runed translucent door.
Crazy Yiuf shouts!
Crazy Yiuf waves his quarterstaff at you.
You open the door.
Crazy Yiuf drinks a potion.
Crazy Yiuf flickers and vanishes!
Deactivating autopickup; reactivate with Ctrl-A.
Something hits you! Something freezes you.
There is an open translucent door here.
You closely miss something. Something hits you.
You barely miss something. Something hits you. x2
You are confused.
You hit something. Something hits you!
You feel your power leaking away.
You closely miss something. Something hits you!
You are electrocuted!!
You die...

#.##.#.....#
#....#
........####
♣♣..P♣
#.#####.#
♣.P.♣
........#
♣♣.♣♣
..#######
♣♣.♣ ..#
♣.♣♣ ..#
♣♣.♣
..##########
♣.♣♣
..........)#
#@#
.###########
#.{.# ##
#...# #)..#
#####


There were no monsters in sight!

Vanquished Creatures
  2 orc priests (D:3)
  Terence (D:3)
  A dart slug (D:1)
  5 orcs (D:3)
  9 ball pythons
  6 bats
  6 endoplasms
  3 giant cockroaches
  2 goblins (D:2)
  3 hobgoblins
  2 jackals (D:1)
  4 frilled lizards
  A kobold (D:1)
  6 rats
51 creatures vanquished.

Vanquished Creatures (others)
  3 fungi (D:3)
3 creatures vanquished.

Grand Total: 54 creatures vanquished

Notes
Turn   | Place    | Note
-------+----------+-------------------------------------------
     0 | D:1      | Sin92 the Demonspawn Fighter began the quest for the Orb.
     0 | D:1      | Reached XP level 1. HP: 18/18 MP: 1/1
   302 | D:1      | Gained mutation: A meltable shield of frost defends you.
                  | (SH +4) [demonic ancestry]
   302 | D:1      | Reached XP level 2. HP: 20/24 MP: 2/2
  1055 | D:2      | Reached XP level 3. HP: 21/29 MP: 3/3
  1969 | D:3      | Noticed Terence
  1991 | D:3      | Killed Terence
  1992 | D:3      | Reached skill level 1 in Spellcasting
  1992 | D:3      | Gained mutation: Spells you cast may paralyse adjacent
                  | enemies. [demonic ancestry]
  1992 | D:3      | Reached XP level 4. HP: 35/35 MP: 3/5
  2198 | D:3      | Reached skill level 1 in Dodging
  2219 | D:3      | Reached XP level 5. HP: 21/41 MP: 6/6
  2470 | D:3      | Found a runed translucent door.
  2471 | D:3      | Noticed Crazy Yiuf
  2479 | D:3      | Slain by Crazy Yiuf

Illustrated notes

Levels and vault maps discovered:
D:1:      scummos_arrival_simple_fountains, layout_rooms, hex_medium,
          corexii_corridor_pit
D:2:      layout_basic
D:3:      layout_loops_ring, uniq_crazy_yiuf_cottage, uniq_terence

Skill      XL: |  1  2  3  4 |
---------------+-------------+-----
Axes           | 2 3 |  3.1
Armour         | 3 |  3.1
Spellcasting   | 1 |  1.3
Dodging        | 1 |  1.2
Shields        | 3 |  3.0
Fighting       | |  3.5

Action                   |  1- 3 |  4- 6 || total
-------------------------+-------+-------++-------
Melee: War axe           |   136 |    51 ||   187
  Use: Scroll            |     3 |     3 ||     6
       Potion            |     1 |       ||     1
Armor: Scale mail        |    54 |    15 ||    69
Dodge: Dodged            |    56 |    15 ||    71
Block: Buckler           |    59 |    14 ||    73
